 Dungeon Crawl Stone Soup version 0.21-a0-329-g12f17e1 (webtiles) character file.

64 tidbits the Charmwright (level 4, 0/38 HPs)
             Began as a Gnoll Skald on Oct 1, 2017.
             Slain by a wight
             ... wielding a cursed +1 scimitar
              (4 damage)
             ... on level 2 of the Dungeon.
             The game lasted 00:02:36 (386 turns).

tidbits the Charmwright (Gnoll Skald)                Turns: 386, Time: 00:02:37

Health: 0/38       AC:  4    Str: 19    XL:     4   Next: 12%
Magic:  6/11       EV: 13    Int: 16    God:
Gold:   22         SH:  0    Dex: 14    Spells: 8/13 levels left

rFire    . . .     SeeInvis .   a - +0 falchion
rCold    . . .     Gourm    .   (no shield)
rNeg     . . .     Faith    .   b - +0 leather armour
rPois    .         Spirit   .   (no helmet)
rElec    .         Reflect  .   (no cloak)
rCorr    +         Harm     .   G - +0 pair of gloves
MR       .....                  (no boots)
Stlth    +.........             (no amulet)
HPRegen  0.12/turn              g - +5 ring of strength
MPRegen  0.12/turn              m - ring of resist corrosion

@: flying, very slightly contaminated, heavily drained
A: distributed training, fangs 1, strong nose
a: no special abilities


You were on level 2 of the Dungeon.
You were not hungry.

You visited 1 branch of the dungeon, and saw 2 of its levels.

You collected 22 gold pieces.

Inventory:

Hand Weapons
 a - a +0 falchion (weapon)
Armour
 b - a +0 leather armour (worn)
 G - a +0 pair of gloves (worn)
Jewellery
 g - a +5 ring of strength (left hand)
   (You found it on level 2 of the Dungeon)
 m - a ring of resist corrosion (right hand)
   (You found it on level 1 of the Dungeon)
Scrolls
 h - 2 scrolls of fear {unknown}
 i - a scroll of enchant weapon {unknown}
 j - a scroll of noise {unknown}
 k - a scroll of teleportation {unknown}
 o - a scroll of identify {unknown}
Potions
 l - a potion of heal wounds {unknown}
 n - a potion of flight
Books
 c - a book of Battle

   Spells                             Type                      Level
   a - Infusion                       Charms                       1
   b - Shroud of Golubria             Charms/Translocation         2
   c - Song of Slaying                Charms                       2
   d - Spectral Weapon                Hexes/Charms                 3
   e - Regeneration                   Charms/Necromancy            3
Comestibles
 d - a bread ration
 f - a royal jelly


   Skills:
 + Level 4.6(3.3) Fighting
 + Level 1.0(0.0) Short Blades
 + Level 4.6(3.3) Long Blades
 + Level 1.0(0.0) Axes
 + Level 1.0(0.0) Maces & Flails
 + Level 1.0(0.0) Polearms
 + Level 1.0(0.0) Staves
 + Level 1.0(0.0) Slings
 + Level 1.0(0.0) Bows
 + Level 1.0(0.0) Crossbows
 + Level 1.0(0.0) Throwing
 + Level 2.7(1.5) Armour
 + Level 4.6(3.3) Dodging
 + Level 1.0(0.0) Stealth
   Level 0.0 Stabbing
 + Level 1.0(0.0) Shields
   Level 0.0 Traps
 + Level 1.0(0.0) Unarmed Combat
 + Level 5.0(3.8) Spellcasting
 + Level 1.0(0.0) Conjurations
 + Level 1.0(0.0) Hexes
 + Level 6.5(5.2) Charms
 + Level 1.0(0.0) Summonings
 + Level 1.0(0.0) Necromancy
 + Level 1.0(0.0) Translocations
 + Level 1.0(0.0) Transmutations
 + Level 1.0(0.0) Fire Magic
 + Level 1.0(0.0) Ice Magic
 + Level 1.0(0.0) Air Magic
 + Level 1.0(0.0) Earth Magic
 + Level 1.0(0.0) Poison Magic
 + Level 1.0(0.0) Invocations
 + Level 1.0(0.0) Evocations


You had 8 spell levels left.
You knew the following spells:

 Your Spells              Type           Power        Failure   Level  Hunger
g - Shroud of Golubria    Chrm/Tloc      ##........   11%         2    ##.....
i - Infusion              Chrm           ###.         2%          1    None
y - Song of Slaying       Chrm           ###.....     3%          2    ##.....


Dungeon Overview and Level Annotations

Branches:
Dungeon (2/15)

Altars:


Innate Abilities, Weirdness & Mutations

Your experience applies equally to all skills.
You have very sharp teeth.
Your uncanny sense of smell can sniff out nearby items.


Message History

Your experience leads to an increase in your attributes!
Your base attributes are Str 13, Int 15, Dex 14.
Increase (S)trength, (I)ntelligence, or (D)exterity?
You feel clever.
You have reached level 4!
You feel stronger.
Press: ? - help, v - describe, . - travel, g - get item
Here: a wight, wielding an enchanted scimitar and wearing a robe An enchanted hand axe.
There is something else lying underneath.
The floor.
You hit the wight. You bite the wight, but do no damage.
The wight is lightly damaged.
The wight misses you.
You closely miss the wight.
The wight is lightly damaged.
The wight hits you with an enchanted scimitar.
You feel drained.
Your shroud falls apart!
You barely miss the wight.
The wight is lightly damaged.
The wight hits you but does no damage.
You hit the wight.
The wight is moderately damaged.
The wight misses you.
You hit the wight.
The wight is moderately damaged.
The wight hits you but does no damage.
You closely miss the wight.
The wight is moderately damaged.
The wight hits you with an enchanted scimitar!
* * * LOW HITPOINT WARNING * * *
You hit the wight but do no damage.
The wight is moderately damaged.
The wight barely misses you.
You hit the wight.
The wight is heavily damaged.
The wight hits you with an enchanted scimitar!
* * * LOW HITPOINT WARNING * * *
It was a potion of flight.
You feel very buoyant.
You fly up into the air.
It was a potion of ambrosia.
You are confused.
You feel invigorated. The wight closely misses you.
You see here a kobold corpse.
There is an open door here.
You miss the wight. Your bite misses the wight.
The wight is heavily damaged.
The wight misses you.
You're too confused to move!
You feel less invigorated.
You feel less confused.
The wight hits you with an enchanted scimitar!
You feel drained.
You barely miss the wight.
The wight is heavily damaged.
The wight hits you with an enchanted scimitar!
* * * LOW HITPOINT WARNING * * *
You hit the wight.
The wight is heavily damaged.
The wight closely misses you.
You barely miss the wight.
The wight is heavily damaged.
The wight closely misses you.
You closely miss the wight.
The wight is heavily damaged.
You barely miss the wight. Your bite misses the wight.
The wight is heavily damaged.
The wight closely misses you.
Casting: Infusion
Confirm with . or Enter, or press ? or * to list all spells.
You miscast Shroud of Golubria.
You are very lightly contaminated with residual magic.
Your hands glow momentarily.
Your magical infusion is running out.
The wight hits you with an enchanted scimitar.
* * * LOW HITPOINT WARNING * * *
You feel drained.
* * * LOW HITPOINT WARNING * * *
Casting: Shroud of Golubria
Confirm with . or Enter, or press ? or * to list all spells.
Space distorts slightly along a thin shroud covering your body.
The wight hits you with an enchanted scimitar.
* * * LOW HITPOINT WARNING * * *
Your shroud falls apart!
You barely miss the wight.
The wight is heavily damaged.
The wight hits you with an enchanted scimitar!
* * * LOW HITPOINT WARNING * * *
It was a potion of curing.
You feel better. The wight barely misses you.
You hit the wight. You bite the wight.
The wight is almost destroyed.
The wight misses you.
You barely miss the wight.
The wight is almost destroyed.
You are no longer magically infusing your attacks.
The wight hits you with an enchanted scimitar!
* * * LOW HITPOINT WARNING * * *
You feel drained.
You die...

.... .... ..... ∆
####### ..... #.....#
##..#### #.[...#
.#......# #.....#
........###....†########
........†).....z@......#
........###.....######.#
....................##.#
.#...#####..........##.#
...>. #............##.#
..##.#..............##.#
#. #...##...........##.#
# .. .............##.# .
.##.############.#


You could see a wight.

Vanquished Creatures
  A wight (D:2)
  A dart slug (D:1)
  A leopard gecko (D:1)
  A bat (D:2)
  2 giant cockroaches (D:1)
  2 goblins (D:1)
  2 hobgoblins (D:1)
  2 jackals (D:1)
  3 kobolds
15 creatures vanquished.

Notes
Turn   | Place    | Note
-------+----------+-------------------------------------------
     0 | D:1      | tidbits the Gnoll Skald began the quest for the Orb.
     0 | D:1      | Reached XP level 1. HP: 20/20 MP: 6/6
    96 | D:1      | Reached XP level 2. HP: 25/26 MP: 1/7
   104 | D:1      | Learned a level 2 spell: Song of Slaying
   107 | D:1      | Learned a level 2 spell: Shroud of Golubria
   344 | D:2      | Noticed a wight
   345 | D:2      | Noticed a wight
   357 | D:2      | Killed a wight
   357 | D:2      | Reached skill level 1 in Short Blades
   357 | D:2      | Reached skill level 1 in Axes
   357 | D:2      | Reached skill level 1 in Maces & Flails
   357 | D:2      | Reached skill level 1 in Polearms
   357 | D:2      | Reached skill level 1 in Staves
   357 | D:2      | Reached skill level 1 in Slings
   357 | D:2      | Reached skill level 1 in Bows
   357 | D:2      | Reached skill level 1 in Crossbows
   357 | D:2      | Reached skill level 1 in Throwing
   357 | D:2      | Reached skill level 1 in Stealth
   357 | D:2      | Reached skill level 1 in Shields
   357 | D:2      | Reached skill level 1 in Unarmed Combat
   357 | D:2      | Reached skill level 5 in Spellcasting
   357 | D:2      | Reached skill level 1 in Conjurations
   357 | D:2      | Reached skill level 1 in Hexes
   357 | D:2      | Reached skill level 1 in Summonings
   357 | D:2      | Reached skill level 1 in Necromancy
   357 | D:2      | Reached skill level 1 in Translocations
   357 | D:2      | Reached skill level 1 in Transmutations
   357 | D:2      | Reached skill level 1 in Fire Magic
   357 | D:2      | Reached skill level 1 in Ice Magic
   357 | D:2      | Reached skill level 1 in Air Magic
   357 | D:2      | Reached skill level 1 in Earth Magic
   357 | D:2      | Reached skill level 1 in Poison Magic
   357 | D:2      | Reached skill level 1 in Invocations
   357 | D:2      | Reached skill level 1 in Evocations
   357 | D:2      | Reached XP level 3. HP: 24/31 MP: 0/9
   357 | D:2      | Reached XP level 4. HP: 30/38 MP: 0/11
   383 | D:2      | HP: 3/38 [wight/enchanted scimitar (7)]
   386 | D:2      | Slain by a wight

Vault maps used:
D:1:      grunt_arrival_crossed_arrows
D:2:      first_bread, st_stairs_6, kennysheep_generic_room_10

Skill      XL: |  1  2 |
---------------+-------+-----
Short Blades   | 1 |  1.0
Axes           | 1 |  1.0
Maces & Flails | 1 |  1.0
Polearms       | 1 |  1.0
Staves         | 1 |  1.0
Slings         | 1 |  1.0
Bows           | 1 |  1.0
Crossbows      | 1 |  1.0
Throwing       | 1 |  1.0
Stealth        | 1 |  1.0
Shields        | 1 |  1.0
Unarmed Combat | 1 |  1.0
Spellcasting   | 5 |  5.0
Conjurations   | 1 |  1.0
Hexes          | 1 |  1.0
Summonings     | 1 |  1.0
Necromancy     | 1 |  1.0
Translocations | 1 |  1.0
Transmutations | 1 |  1.0
Fire Magic     | 1 |  1.0
Ice Magic      | 1 |  1.0
Air Magic      | 1 |  1.0
Earth Magic    | 1 |  1.0
Poison Magic   | 1 |  1.0
Invocations    | 1 |  1.0
Evocations     | 1 |  1.0
Fighting       | |  4.6
Long Blades    | |  4.6
Armour         | |  2.7
Dodging        | |  4.6
Charms         | |  6.5

Action                   |  1- 3 |  4- 6 || total
-------------------------+-------+-------++-------
Melee: Falchion          |    39 |    17 ||    56
       Bite              |     4 |     2 ||     6
 Cast: Infusion          |     3 |       ||     3
       Shroud of Golubri |     1 |     1 ||     2
  Use: Potion            |       |     3 ||     3
 Stab: Sleeping          |     1 |       ||     1
Armor: Leather armour    |    15 |     1 ||    16
Dodge: Dodged            |    24 |    10 ||    34
       Rpst.: Falchion   |     9 |       ||     9

Table legend:
 A = Spawn XP
 B = Non-spawn XP
 C = Spawn XP percentage of total XP
 D = Spawn monster count
 E = Non-spawn monster count
 F = Spawn count percentage of total count
 G = Total turns spent on level
                    A         B        C        D         E        F      G
               +---------+---------+-------+---------+---------+-------+---------
         Total |       0 |      92 |   0.0 |       0 |      15 |   0.0 |   386
               +---------+---------+-------+---------+---------+-------+---------
           D:1 |       0 |      26 |   0.0 |       0 |      12 |   0.0 |   258
           D:2 |       0 |      66 |   0.0 |       0 |       3 |   0.0 |   128
               +---------+---------+-------+---------+---------+-------+---------

Table legend:
 A = Turns spent in this place as a percentage of turns spent in the entire game.
 B = Non-inter-level travel turns spent in this place as a percentage of non-inter-level travel turns spent in the entire game.
 C = Inter-level travel turns spent in this place as a percentage of turns spent in this place.
 D = Turns resting spent in this place as a percentage of non-inter-level travel turns spent in this place.
 E = Turns spent auto-exploring this place as a percentage of non-inter-level travel turns spent in this place.
 F = Non-inter-level travel turns spent in this place divided by the number of levels of this place that you've seen.
                   A       B       C       D       E      F
               +-------+-------+-------+-------+-------+----------------------
         Total | 100.0 | 100.0 |   0.0 |   0.0 |   0.0 | 193.0
       Dungeon | 100.0 | 100.0 |   0.0 |   0.0 |   0.0 | 193.0
               +-------+-------+-------+-------+-------+----------------------

Table legend:
 A = Kills in this place as a percentage of kills in entire the game.
 B = Kills by you in this place as a percentage of kills by you in the entire game.
 C = Kills by friends in this place as a percentage of kills by friends in the entire game.
 D = Other kills in this place as a percentage of other kills in the entire game.
 E = Experience gained in this place as a percentage of experience gained in the entire game.
 F = Experience gained in this place divided by the number of levels of this place that you have seen.
                   A       B       C       D       E      F
               +-------+-------+-------+-------+-------+----------------------
         Total | 100.0 | 100.0 |   N/A |   N/A | 100.0 |  46.0
       Dungeon | 100.0 | 100.0 |   N/A |   N/A | 100.0 |  46.0
               +-------+-------+-------+-------+-------+----------------------

Vault maps used:
D:1:      grunt_arrival_crossed_arrows
D:2:      first_bread, st_stairs_6, kennysheep_generic_room_10
